 Dungeon Crawl Stone Soup version 0.19.1-1-g22dce08 (webtiles) character file.

9310 markt42 the Severer (level 11, -2/94 HPs)
             Began as a Minotaur Fighter on Jan 5, 2017.
             Was an Elder of Okawaru.
             Slain by a 13-headed hydra (5 damage)
             ... on level 2 of the Lair of Beasts.
             The game lasted 00:13:17 (9688 turns).

markt42 the Severer (Minotaur Fighter)              Turns: 9688, Time: 00:13:18

Health: -2/94      AC: 20    Str: 22    XL:     11   Next: 21%
Magic:  10/10      EV:  8    Int:  5    God:    Okawaru [****..]
Gold:   500        SH: 16    Dex: 12    Spells: 0 memorised, 10 levels left

rFire  + . .     SeeInvis .     d - +2 war axe (venom)
rCold  . . .     Gourm    .     J - +2 chain mail {MR+}
rNeg   . . .     Faith    .     c - +0 shield
rPois  .         Spirit   .     (helmet unavailable)
rElec  .         Reflect  +     K - +0 cloak
rCorr  .         Harm     .     p - +1 pair of gloves
MR     +....                    n - +0 pair of boots
Stlth  ..........               N - +5 amulet of reflection
                                L - ring of protection from fire
                                e - ring of stealth

@: no status effects
A: retaliatory headbutt, horns 3, thin metallic scales 1, sense surroundings 1
a: Heroism, Renounce Religion


You were on level 2 of the Lair of Beasts.
You worshipped Okawaru.
Okawaru was greatly pleased with you.
You were hungry.

You visited 3 branches of the dungeon, and saw 12 of its levels.
You also visited: Sewer.

You collected 500 gold pieces.

Inventory:

Hand Weapons
 d - a +2 war axe of venom (weapon)
Armour
 c - a +0 shield (worn)
 n - a +0 pair of boots (worn)
 p - a +1 pair of gloves (worn)
 J - a +2 chain mail of magic resistance (worn)
 K - a +0 cloak (worn)
Jewellery
 e - a ring of stealth (left hand)
 m - an uncursed amulet of guardian spirit
 L - a ring of protection from fire (right hand)
 N - a +5 amulet of reflection (around neck)
Wands
 b - a wand of heal wounds (5/9)
 D - a wand of digging (13/24)
 E - a wand of paralysis (16/24)
 H - a wand of disintegration (4/24)
Scrolls
 a - 10 scrolls of identify
 g - 2 scrolls of enchant weapon
 q - 4 scrolls of enchant armour
 r - 4 scrolls of remove curse
 s - 2 scrolls of fog
 t - 3 scrolls of magic mapping
 u - 2 scrolls of recharging
 z - 2 scrolls of blinking
 B - 3 scrolls of teleportation
Potions
 h - a potion of invisibility
 k - 2 potions of heal wounds
 l - 6 potions of curing
 o - 3 potions of might
 v - 2 potions of haste
 w - 4 potions of ambrosia
 x - a potion of agility
 I - 2 potions of magic
Books
 P - a book of Unlife

   Spells                             Type                      Level
   a - Recall                         Summoning/Translocation      3
   b - Animate Dead                   Necromancy                   4
   c - Control Undead                 Necromancy                   4
   d - Cigotuvi's Embrace             Necromancy                   5
   e - Death Channel                  Necromancy                   6
   f - Simulacrum                     Ice/Necromancy               6
Comestibles
 f - 12 bread rations
 i - a slice of pizza
 j - 4 meat rations
 A - 13 fruits
 M - a royal jelly


   Skills:
 + Level 7.9 Fighting
 * Level 15.5 Axes
 + Level 8.7 Armour
 + Level 3.1 Dodging
 + Level 8.1 Shields


You had 10 spell levels left.
You didn't know any spells.

Dungeon Overview and Level Annotations

Branches:
Dungeon (9/15)             Temple (1/1) D:5            Lair (2/6) D:9
    Orc (0/2) D:9
  Swamp: Lair:2-4    Shoals: Lair:2-4     Snake: Lair:2-4    Spider: Lair:2-4

Altars:
Ashenzari
Cheibriados
Dithmenos
Elyvilon
Fedhas
Gozag
Hepliaklqana
Kikubaaqudgha
Makhleb
Nemelex Xobeh
Okawaru
Qazlal
Ru
Sif Muna
Trog
Uskayaw
Vehumet
Xom
Yredelemnul
Zin
The Shining One


Innate Abilities, Weirdness & Mutations

You reflexively headbutt those who attack you in melee.
You have a pair of large horns on your head.
You are partially covered in thin metallic scales. (AC +2)
You passively map a small area around you.


Message History

The 12-headed hydra bites you.
* * * LOW HITPOINT WARNING * * *
The 12-headed hydra closely misses you. The 12-headed hydra bites you.
* * * LOW HITPOINT WARNING * * *
The 12-headed hydra bites you but does no damage.
You chop one of the 12-headed hydra's heads off!
The 11-headed hydra grows two more!
You slash the 13-headed hydra! You headbutt the 13-headed hydra.
The 13-headed hydra is heavily wounded.
The 13-headed hydra bites you!
* * * LOW HITPOINT WARNING * * *
You block the 13-headed hydra's attack. x2
The 13-headed hydra closely misses you.
The 13-headed hydra bites you but does no damage.
You block the 13-headed hydra's attack.
The 13-headed hydra bites you but does no damage.
The 13-headed hydra closely misses you.
The 13-headed hydra bites you but does no damage.
You block the 13-headed hydra's attack. The 13-headed hydra bites you.
You die...

* , .?.....
....?.. * * ,
....... * ....>..
, ,, ≈≈ .......
,, , ≈ * , ....S
* * ≈ * #.D## **
♣♣# #.†@# ..#
#.#.# #.# ##..##
..## ###P+#.#
..P#### ##.....##
......####P.....#
................#
......####.....^#
....### ##.....#


You could see a 13-headed hydra and a water moccasin.

Vanquished Creatures
  A black mamba (Lair:2)
  3 spiny frogs
  2 trolls (D:9)
  A hornet (D:9)
  Prince Ribbit (D:8)
  A hippogriff (D:7)
  3 blink frogs (Lair:1)
  A spriggan (D:7)
  Sigmund (D:2)
  5 yaks (Lair:1)
  A hungry ghost (D:7)
  Menkaure (D:5)
  4 water moccasins
  3 porcupines
  2 ice beasts (D:5)
  A necrophage (D:5)
  3 orc warriors
  A phantom (D:9)
  6 wolves (Lair:2)
  7 crocodiles
  2 big kobolds
  8 bullfrogs
  A gnoll sergeant (D:3)
  6 killer bees (D:9)
  A scorpion (D:4)
  2 crimson imps (D:8)
  A centaur zombie (D:9)
  2 hounds
  6 orc wizards
  3 gnoll shamans (D:3)
  2 jellies
  A bullfrog skeleton (D:7)
  3 centaur skeletons
  3 orc priests (D:6)
  Jessica (D:3)
  Natasha (thrice) (D:3)
  7 worker ants
  2 killer bee zombies (D:6)
  A hound zombie (D:7)
  3 hound skeletons
  A worker ant zombie (D:9)
  Robin (D:2)
  A howler monkey zombie (D:7)
  48 gnolls
  14 adders
  A shadow imp (D:9)
  12 oozes
  An adder zombie (D:7)
  2 adder skeletons
  3 worms
  A dart slug (D:1)
  12 leopard geckos
  33 orcs
  14 ball pythons
  12 giant cockroaches
  13 goblins
  9 hobgoblins
  22 jackals
  8 kobolds
  2 quokkas
  6 bats
  20 frilled lizards
  4 rats
346 creatures vanquished.

Vanquished Creatures (others)
  A wizard (D:9)
  2 fungi (Lair:2)
3 creatures vanquished.

Grand Total: 349 creatures vanquished

Notes
Turn   | Place    | Note
-------+----------+-------------------------------------------
     0 | D:1      | markt42 the Minotaur Fighter began the quest for the Orb.
     0 | D:1      | Reached XP level 1. HP: 19/19 MP: 0/0
    96 | D:1      | Reached XP level 2. HP: 27/27 MP: 1/1
   432 | D:2      | Reached skill level 3 in Axes
   432 | D:2      | Reached XP level 3. HP: 27/33 MP: 2/2
   539 | D:2      | Noticed Sigmund
   545 | D:2      | Killed Sigmund
   545 | D:2      | Reached skill level 5 in Axes
   545 | D:2      | Reached skill level 1 in Dodging
   545 | D:2      | Reached XP level 4. HP: 26/41 MP: 3/3
   545 | D:2      | Reached XP level 5. HP: 30/47 MP: 4/4
   732 | D:2      | Found a faded altar of an unknown god.
   917 | D:2      | Noticed Robin
   938 | D:2      | Killed Robin
  1513 | D:3      | Noticed Jessica
  1516 | D:3      | Killed Jessica
  1516 | D:3      | Reached XP level 6. HP: 53/53 MP: 5/5
  1608 | D:3      | Noticed Natasha
  1621 | D:3      | Killed Natasha
  1621 | D:3      | Reached skill level 6 in Axes
  1749 | D:3      | Found a shadowy altar of Dithmenos.
  1803 | D:3      | Noticed an orc warrior
  1811 | D:3      | Killed an orc warrior
  1861 | D:3      | Reached skill level 7 in Axes
  1861 | D:3      | Reached XP level 7. HP: 40/60 MP: 6/6
  1887 | D:3      | Reached skill level 5 in Armour
  2132 | D:3      | Noticed Natasha
  2137 | D:3      | Killed Natasha
  2137 | D:3      | Reached skill level 8 in Axes
  2162 | D:3      | Reached skill level 5 in Shields
  2331 | D:3      | Noticed Natasha
  2338 | D:3      | Killed Natasha
  2563 | D:3      | Reached skill level 5 in Fighting
  2697 | D:3      | Reached XP level 8. HP: 66/68 MP: 7/7
  3350 | D:4      | Reached skill level 9 in Axes
  3728 | D:4      | Found an opulent altar of Gozag.
  3818 | D:5      | Entered Level 5 of the Dungeon
  3986 | D:5      | Noticed Menkaure
  3989 | D:5      | Killed Menkaure
  3989 | D:5      | Reached skill level 10 in Axes
  4124 | D:5      | Found a glowing drain.
  4145 | Sewer    | Entered a sewer
  4438 | Sewer    | Reached skill level 11 in Axes
  4467 | Sewer    | Gained mutation: You have a pair of large horns on your head. [potion of mutation]
  4467 | Sewer    | Gained mutation: You passively map a small area around you. [potion of mutation]
  4467 | Sewer    | Gained mutation: You are partially covered in thin metallic scales. (AC +2) [potion of mutation]
  4624 | D:5      | Found a staircase to the Ecumenical Temple.
  4664 | D:5      | Reached XP level 9. HP: 68/75 MP: 8/8
  4739 | Temple   | Entered the Ecumenical Temple
  4885 | D:5      | Found a deep blue altar of Sif Muna.
  6134 | D:7      | Reached skill level 12 in Axes
  6155 | D:7      | Found a shimmering altar of Xom.
  6155 | D:7      | Noticed an angel
  6165 | D:7      | Found a glowing silver altar of Zin.
  6409 | D:7      | Found a faded altar of an unknown god.
  6409 | D:7      | Found a blossoming altar of Fedhas.
  6417 | D:7      | Found a faded altar of an unknown god.
  6419 | D:7      | Found a faded altar of an unknown god.
  6421 | D:7      | Found a faded altar of an unknown god.
  6477 | D:7      | Found a shattered altar of Ashenzari.
  6766 | D:8      | Found a glowing golden altar of the Shining One.
  6790 | D:8      | Noticed Prince Ribbit
  6799 | D:8      | Killed Prince Ribbit
  7070 | D:8      | Found an iron altar of Okawaru.
  7074 | D:8      | Found a burning altar of Makhleb.
  7180 | D:8      | Became a worshipper of Warmaster Okawaru
  7279 | D:8      | Reached skill level 13 in Axes
  7505 | D:9      | Found a staircase to the Orcish Mines.
  7542 | D:9      | Found a sparkling altar of Nemelex Xobeh.
  7552 | D:9      | Found a staircase to the Lair.
  7577 | D:9      | Reached XP level 10. HP: 75/84 MP: 7/9
  7739 | D:9      | Identified a scroll of acquirement
  7823 | D:9      | Found a bloodstained altar of Trog.
  7954 | D:9      | Noticed a wizard
  7957 | D:9      | Killed a wizard
  8002 | D:9      | Reached * piety under Okawaru
  8402 | Lair:1   | Entered Level 1 of the Lair of Beasts
  8435 | Lair:1   | Reached skill level 14 in Axes
  8472 | Lair:1   | Noticed a spiny frog
  8479 | Lair:1   | Killed a spiny frog
  8479 | Lair:1   | Reached ** piety under Okawaru
  8602 | Lair:1   | Noticed a spiny frog
  8612 | Lair:1   | Killed a spiny frog
  8651 | Lair:1   | Reached *** piety under Okawaru
  8957 | Lair:1   | Reached skill level 15 in Axes
  9179 | Lair:1   | Reached **** piety under Okawaru
  9423 | Lair:2   | Reached XP level 11. HP: 91/92 MP: 10/10
  9671 | Lair:2   | Noticed a four-headed hydra
  9688 | Lair:2   | HP: 3/94 [13-headed hydra (7)]
  9688 | Lair:2   | Slain by a 13-headed hydra

Skill      XL: |  1  2  3  4  5  6  7  8  9 10 11 |
---------------+----------------------------------+-----
Fighting       | 4 5 6 7 |  7.9
Shields        | 4 5 6 7 8 |  8.1
Axes           | 3 5 7 8 11 13 15 | 15.5
Armour         | 4 5 6 7 8 |  8.7
Dodging        | 1 2 3 |  3.1

Action                   |  1- 3 |  4- 6 |  7- 9 | 10-12 || total
-------------------------+-------+-------+-------+-------++-------
Melee: War axe           |    50 |   106 |   602 |   189 ||   947
       Headbutt          |     5 |    15 |    91 |    37 ||   148
  Use: Potion            |     1 |       |     7 |       ||     8
       Scroll            |       |       |    12 |     8 ||    20
  Eat: Chunk             |       |     3 |    18 |     6 ||    27
       Royal jelly       |       |       |     1 |       ||     1
Armor: Scale mail        |    35 |    29 |       |       ||    64
       Chain mail        |       |     6 |   277 |    94 ||   377
Dodge: Dodged            |    22 |    22 |   114 |    47 ||   205
Block: Shield            |    33 |    51 |   296 |   112 ||   492
